HSSL
MARIS SCHOOL @ JEFFERSONVILLE-YOUNGSVILLE CENTRAL HS TROJANS
04/24/2023
 
TOP OF THE 1ST
Maris School batting - Pitching for Jeffersonville-Youngsville Central HS Trojans : RHP Lorenzo Mesquit
Pitching: RHP Lorenzo Mesquit
Batting: RHB Jason Ward 0-0: Ball
1-0: Ball
2-0: Swinging Strike
2-1: Foul Ball, location: 2F
2-2: Strikes out swinging
Batting: RHB James Everhart 0-0: Ball
1-0: Ball
2-0: Ball
3-0: Called Strike
3-1: Called Strike
3-2: SINGLE (Line Drive, 8RS)
Batting: LHB Denny Poole 0-0: Ball
1-0: Foul Ball, location: 2F
1-1: Called Strike
1-2: SINGLE (Line Drive, 4MD)
James Everhart to second
Batting: RHB Javier Álvarez 0-0: Called Strike
0-1: Ball
Passed Ball!
James Everhart to third
Denny Poole to second
1-1: Foul Ball, location: 2F
1-2: Ball
2-2: Ball
3-2: Base on Balls
Batting: RHB Denis Miller 0-0: Called Strike
0-1: Swinging Strike
0-2: Strikes out looking
Batting: RHB John Scammell 0-0: Called Strike
0-1: Ball
1-1: GRAND SLAM HOME RUN (Flyball, 7D), Distance : 381 ft
Batting: RHB Marshall Normore 0-0: Foul Ball, location: 2F
0-1: Ball
1-1: Ball
2-1: Foul Ball, location: 2F
2-2: Ball
3-2: Base on Balls
Batting: LHB Gary White 0-0: Swinging Strike
0-1: Ball
1-1: DOUBLE (Line Drive, 8LM)
Marshall Normore to third
Runner from 3rd tries for Home, SAFE, no throw or cutoff
Batting: RHB Joe Baker 0-0: Called Strike
0-1: Ground out 5-3 (Groundball, 56S)
Top of the 1st over - 5 run(s), 4 hit(s), 0 error(s), 1 left on base; Maris School 5 - Jeffersonville-Youngsville Central HS 0
BOTTOM OF THE 1ST
Jeffersonville-Youngsville Central HS Trojans batting - Pitching for Maris School : RHP Morgan Fox
Pitching: RHP Morgan Fox
Batting: RHB Jerry Harris 0-0: Called Strike
0-1: Called Strike
0-2: Reached on Error, E8 (Flyball, 8RM)
Batting: RHB Alberto García 0-0: Ball
Jerry Harris is caught stealing 2nd base
1-0: Called Strike
1-1: SINGLE (Flyball, 89S)
Batting: LHB Bruce Jones 0-0: Ball
1-0: Ball
2-0: Ball
3-0: Called Strike
3-1: Foul Ball, location: 2F
3-2: Foul Ball, location: 2F
3-2: Strikes out swinging
Batting: RHB Luis Ibarra 0-0: Foul Ball, location: 2F
0-1: 2-RUN HOME RUN (Flyball, 7LD), Distance : 358 ft
Batting: LHB José Martínez 0-0: Fly out, F4 (Popup, 4MD)
Bottom of the 1st over - 2 run(s), 2 hit(s), 1 error(s), 0 left on base; Maris School 5 - Jeffersonville-Youngsville Central HS 2
TOP OF THE 2ND
Maris School batting - Pitching for Jeffersonville-Youngsville Central HS Trojans : RHP Lorenzo Mesquit
Batting: RHB Jason Ward 0-0: Ball
1-0: Ball
2-0: Swinging Strike
2-1: Ball
3-1: Foul Ball, location: 2F
3-2: Base on Balls
Batting: RHB James Everhart 0-0: Ball
1-0: Foul Ball, location: 2F
1-1: Swinging Strike
1-2: Strikes out looking
Batting: LHB Denny Poole 0-0: Called Strike
Throwing error on steal attempt, E2
Jason Ward to third
0-1: Foul Ball, location: 2F
0-2: Foul Ball, location: 2F
0-2: Foul Ball, location: 2F
0-2: Ball
1-2: Ball
2-2: Strikes out swinging
Batting: RHB Javier Álvarez 0-0: Ball
1-0: Ball
2-0: Ball
3-0: Base on Balls
Batting: RHB Denis Miller 0-0: Called Strike
0-1: Foul Ball, location: 2F
0-2: Ball
1-2: Ball
2-2: Foul Ball, location: 2F
2-2: Foul Ball, location: 2F
2-2: Fly out, F4 (Popup, 4D)
Top of the 2nd over - 0 run(s), 0 hit(s), 1 error(s), 2 left on base; Maris School 5 - Jeffersonville-Youngsville Central HS 2
BOTTOM OF THE 2ND
Jeffersonville-Youngsville Central HS Trojans batting - Pitching for Maris School : RHP Morgan Fox
Batting: RHB Melvin Johnson 0-0: Ground out 6-3 (Groundball, 6D)
Batting: SHB Ralph Alfonzo 0-0: Called Strike
0-1: Ball
1-1: Ball
2-1: Ball
3-1: Foul Ball, location: 2F
3-2: Base on Balls
Batting: RHB António Olivares 0-0: Called Strike
0-1: Ball
1-1: Ball
2-1: Ball
3-1: Base on Balls
Ralph Alfonzo to second
Batting: RHB Tim Richard 0-0: Ball
1-0: SINGLE (Groundball, 56)
Ralph Alfonzo to third
António Olivares to second
Runner from 3rd tries for Home, SAFE, no throw or cutoff
Batting: RHB Jerry Harris 0-0: Ground out 5-3 (Groundball, 5S)
António Olivares to third
Tim Richard to second
Batting: RHB Alberto García 0-0: Called Strike
0-1: DOUBLE (Line Drive, 8LM)
António Olivares scores
Tim Richard scores
Batting: LHB Bruce Jones 0-0: Called Strike
0-1: Ball
1-1: SINGLE (Line Drive, 34)
Alberto García to third
Runner from 3rd tries for Home, SAFE, no throw or cutoff
Batting: RHB Luis Ibarra 0-0: Ball
1-0: Ball
2-0: Swinging Strike
2-1: SINGLE (Flyball, 7S)
Bruce Jones to second
Batting: LHB José Martínez 0-0: Fielders Choice at 2nd, U4 (Groundball, 4M)
Bottom of the 2nd over - 4 run(s), 4 hit(s), 0 error(s), 2 left on base; Maris School 5 - Jeffersonville-Youngsville Central HS 6
TOP OF THE 3RD
Maris School batting - Pitching for Jeffersonville-Youngsville Central HS Trojans : RHP Lorenzo Mesquit
Batting: RHB John Scammell 0-0: Called Strike
0-1: Swinging Strike
0-2: Ball
1-2: Ball
2-2: Fly out, F9 (Flyball, 9S)
Batting: RHB Marshall Normore 0-0: Called Strike
0-1: SINGLE (Line Drive, 89S)
Batting: LHB Gary White 0-0: Ball
1-0: Fly out, F7 (Flyball, 78S)
Batting: RHB Joe Baker 0-0: SINGLE (Line Drive, 9S)
Marshall Normore to second
Batting: RHB Jason Ward 0-0: Ball
1-0: Foul Ball, location: 2F
1-1: Swinging Strike
1-2: Strikes out swinging
Top of the 3rd over - 0 run(s), 2 hit(s), 0 error(s), 2 left on base; Maris School 5 - Jeffersonville-Youngsville Central HS 6
BOTTOM OF THE 3RD
Jeffersonville-Youngsville Central HS Trojans batting - Pitching for Maris School : RHP Morgan Fox
Batting: RHB Melvin Johnson 0-0: Ball
1-0: Foul Ball, location: 2F
1-1: Called Strike
1-2: Ball
2-2: Strikes out swinging
Batting: SHB Ralph Alfonzo 0-0: Ball
1-0: Ball
2-0: Foul Ball, location: 2F
2-1: Ground out 1-3 (Groundball, 15S)
Batting: RHB António Olivares 0-0: Ball
1-0: Called Strike
1-1: Ball
2-1: Swinging Strike
2-2: Strikes out swinging
Bottom of the 3rd over - 0 run(s), 0 hit(s), 0 error(s), 0 left on base; Maris School 5 - Jeffersonville-Youngsville Central HS 6
TOP OF THE 4TH
Maris School batting - Pitching for Jeffersonville-Youngsville Central HS Trojans : RHP Lorenzo Mesquit
Pitching: RHP Horace Olson
Batting: RHB James Everhart 0-0: SOLO HOME RUN (Flyball, 78XD), Distance : 423 ft
Batting: LHB Denny Poole 0-0: Called Strike
0-1: Foul Ball, location: 2F
0-2: Foul Ball, location: 2F
0-2: Ball
1-2: Foul Ball, location: 2F
1-2: Ball
2-2: Ball
3-2: SOLO HOME RUN (Line Drive, 8RXD), Distance : 457 ft
Batting: RHB Javier Álvarez 0-0: Called Strike
0-1: SINGLE (Groundball, 56D)
Batting: RHB Denis Miller 0-0: Ball
1-0: Ball
Wild Pitch!
Javier Álvarez to second
2-0: Ball
3-0: Base on Balls
Batting: RHB John Scammell 0-0: Foul Ball, location: 2F
0-1: Swinging Strike
0-2: Ball
1-2: Ball
2-2: Foul Ball, location: 2F
2-2: SINGLE (Groundball, 56)
Javier Álvarez to third
Denis Miller to second
Batting: RHB Marshall Normore 0-0: Ball
1-0: Foul Ball, location: 2F
1-1: Ball
2-1: Called Strike
2-2: Ball
3-2: Strikes out swinging
Batting: LHB Gary White 0-0: Called Strike
0-1: Called Strike
0-2: Strikes out looking
Batting: RHB Joe Baker 0-0: Foul Ball, location: 2F
0-1: Fly out, F7 (Flyball, 7LM)
Top of the 4th over - 2 run(s), 4 hit(s), 0 error(s), 3 left on base; Maris School 7 - Jeffersonville-Youngsville Central HS 6
BOTTOM OF THE 4TH
Jeffersonville-Youngsville Central HS Trojans batting - Pitching for Maris School : RHP Morgan Fox
Batting: RHB Tim Richard 0-0: Called Strike
0-1: Ball
1-1: DOUBLE (Line Drive, 89M)
Batting: RHB Jerry Harris 0-0: SINGLE (Groundball, 6M)
Tim Richard to third
Batting: RHB Alberto García 0-0: Grounds into double play, 5-4-3 (Groundball, 56)
Tim Richard scores
Batting: LHB Bruce Jones 0-0: Ball
1-0: SINGLE (Flyball, 78S)
Pitching: RHP Kyle O'Brien
Batting: RHB Luis Ibarra 0-0: Ball
1-0: Swinging Strike
1-1: Called Strike
1-2: Ball
2-2: Foul Ball, location: 2F
2-2: Foul Ball, location: 2F
2-2: Ball
3-2: Foul Ball, location: 2F
3-2: Base on Balls
Bruce Jones to second
Batting: LHB José Martínez 0-0: Ball
1-0: Foul Ball, location: 2F
1-1: Ball
2-1: Foul Ball, location: 2F
2-2: Foul Ball, location: 2F
2-2: Foul Ball, location: 2F
2-2: Foul Ball, location: 2F
2-2: Foul Ball, location: 2F
2-2: Ball
3-2: Foul Ball, location: 2F
3-2: SINGLE (Flyball, 7S)
Bruce Jones to third
Luis Ibarra to second
Bruce Jones scores
Luis Ibarra to third
Batting: RHB Melvin Johnson 0-0: Ball
1-0: Called Strike
1-1: Foul Ball, location: 2F
1-2: Fielders Choice at 2nd, U4 (Groundball, 4M)
Bottom of the 4th over - 2 run(s), 4 hit(s), 0 error(s), 2 left on base; Maris School 7 - Jeffersonville-Youngsville Central HS 8
TOP OF THE 5TH
Maris School batting - Pitching for Jeffersonville-Youngsville Central HS Trojans : RHP Horace Olson
Batting: RHB Jason Ward 0-0: Foul Ball, location: 2F
0-1: Fly out, F6 (Popup, 6)
Batting: RHB James Everhart 0-0: Swinging Strike
0-1: SINGLE (Line Drive, 78M)
Batting: LHB Denny Poole 0-0: SINGLE (Flyball, 6MD)
James Everhart to second
Batting: RHB Javier Álvarez 0-0: Ball
1-0: SINGLE (Line Drive, 6MD)
James Everhart to third
Denny Poole to second
Batting: RHB Denis Miller 0-0: Ball
1-0: Called Strike
1-1: Fly out, F4 (Popup, 4D)
Batting: RHB John Scammell 0-0: Ball
1-0: Ball
2-0: Called Strike
2-1: Fly out, F8 (Flyball, 8RM)
Top of the 5th over - 0 run(s), 3 hit(s), 0 error(s), 3 left on base; Maris School 7 - Jeffersonville-Youngsville Central HS 8
BOTTOM OF THE 5TH
Jeffersonville-Youngsville Central HS Trojans batting - Pitching for Maris School : RHP Kyle O'Brien
Batting: SHB Ralph Alfonzo 0-0: Ball
1-0: Ball
2-0: Foul Ball, location: 2F
2-1: Ball
3-1: Fly out, F5 (Popup, 5F)
Batting: RHB António Olivares 0-0: Called Strike
0-1: Ball
1-1: Foul Ball, location: 2F
1-2: Ball
2-2: Ball
3-2: Base on Balls
Batting: RHB Tim Richard 0-0: Called Strike
0-1: Ball
António Olivares is caught stealing 2nd base
1-1: Called Strike
1-2: Foul Ball, location: 2F
1-2: Ball
2-2: SINGLE (Groundball, 56)
Batting: RHB Jerry Harris 0-0: Ball
1-0: Ball
2-0: Ball
3-0: Called Strike
3-1: Called Strike
3-2: Base on Balls
Tim Richard to second
Batting: RHB Alberto García 0-0: Called Strike
0-1: Ball
1-1: Fly out, F7 (Line Drive, 7M)
Bottom of the 5th over - 0 run(s), 1 hit(s), 0 error(s), 2 left on base; Maris School 7 - Jeffersonville-Youngsville Central HS 8
TOP OF THE 6TH
Maris School batting - Pitching for Jeffersonville-Youngsville Central HS Trojans : RHP Horace Olson
Batting: RHB Marshall Normore 0-0: Called Strike
0-1: Swinging Strike
0-2: Ball
1-2: Ball
2-2: Ball
3-2: Foul Ball, location: 2F
3-2: Foul Ball, location: 2F
3-2: Strikes out swinging
Pitching: LHP Holden Clark
Batting: LHB Gary White 0-0: Called Strike
0-1: Ball
1-1: Swinging Strike
1-2: Strikes out swinging
Batting: RHB Joe Baker 0-0: Ball
1-0: Swinging Strike
1-1: Foul Ball, location: 2F
1-2: Strikes out swinging
Top of the 6th over - 0 run(s), 0 hit(s), 0 error(s), 0 left on base; Maris School 7 - Jeffersonville-Youngsville Central HS 8
BOTTOM OF THE 6TH
Jeffersonville-Youngsville Central HS Trojans batting - Pitching for Maris School : RHP Kyle O'Brien
Pitching: RHP Ernest Elliott
Batting: LHB Bruce Jones 0-0: Ground out 4-3 (Groundball, 4M)
Batting: RHB Luis Ibarra 0-0: Ball
1-0: DOUBLE (Flyball, 89M)
Batting: LHB José Martínez 0-0: Ball
1-0: Fly out, F7 (Flyball, 7S)
Batting: RHB Melvin Johnson 0-0: Swinging Strike
0-1: Swinging Strike
0-2: Ball
Wild Pitch!
Luis Ibarra to third
1-2: Strikes out swinging
Bottom of the 6th over - 0 run(s), 1 hit(s), 0 error(s), 1 left on base; Maris School 7 - Jeffersonville-Youngsville Central HS 8
TOP OF THE 7TH
Maris School batting - Pitching for Jeffersonville-Youngsville Central HS Trojans : LHP Holden Clark
Batting: RHB Jason Ward 0-0: Swinging Strike
0-1: Foul Ball, location: 2F
0-2: Ball
1-2: Strikes out swinging
Batting: RHB James Everhart 0-0: Called Strike
0-1: Ball
1-1: Ground out 5-3 (Groundball, 5)
Batting: LHB Denny Poole 0-0: Ball
1-0: Ball
2-0: Ball
3-0: Called Strike
3-1: Foul Ball, location: 2F
3-2: Foul Ball, location: 2F
3-2: Strikes out swinging
Top of the 7th over - 0 run(s), 0 hit(s), 0 error(s), 0 left on base; Maris School 7 - Jeffersonville-Youngsville Central HS 8
BOTTOM OF THE 7TH
Jeffersonville-Youngsville Central HS Trojans batting - Pitching for Maris School : RHP Ernest Elliott
Batting: SHB Ralph Alfonzo 0-0: Called Strike
0-1: Fly out, F5 (Line Drive, 56S)
Batting: RHB António Olivares 0-0: Ball
1-0: Ball
2-0: Swinging Strike
2-1: Ball
3-1: Foul Ball, location: 2F
3-2: Strikes out looking
Batting: RHB Tim Richard 0-0: Ball
1-0: Ball
2-0: Called Strike
2-1: Fly out, F7 (Flyball, 7M)
Bottom of the 7th over - 0 run(s), 0 hit(s), 0 error(s), 0 left on base; Maris School 7 - Jeffersonville-Youngsville Central HS 8
TOP OF THE 8TH
Maris School batting - Pitching for Jeffersonville-Youngsville Central HS Trojans : LHP Holden Clark
Pitching: RHP Michael Waller
Batting: RHB Javier Álvarez 0-0: Called Strike
0-1: Ground out 6-3 (Groundball, 6M)
Batting: RHB Denis Miller 0-0: Ball
1-0: Ball
2-0: Ball
3-0: Base on Balls
Batting: RHB John Scammell 0-0: Ball
1-0: Ball
2-0: Called Strike
2-1: Fielders Choice at 2nd, 3-6 (Groundball, 3)
Batting: RHB Marshall Normore 0-0: Ground out U3 (Groundball, 3L)
Top of the 8th over - 0 run(s), 0 hit(s), 0 error(s), 1 left on base; Maris School 7 - Jeffersonville-Youngsville Central HS 8
BOTTOM OF THE 8TH
Jeffersonville-Youngsville Central HS Trojans batting - Pitching for Maris School : RHP Ernest Elliott
Pitching: RHP Steve Henry
Batting: RHB Jerry Harris 0-0: Ball
1-0: Ball
2-0: Ball
3-0: Called Strike
3-1: Foul Ball, location: 2F
3-2: Strikes out swinging
Batting: RHB Alberto García 0-0: Called Strike
0-1: Ground out 5-3 (Groundball, 5)
Batting: LHB Bruce Jones 0-0: Called Strike
0-1: Foul Ball, location: 2F
0-2: Ball
1-2: Ball
2-2: Ball
3-2: SINGLE (Line Drive, 78S)
Batting: RHB Luis Ibarra 0-0: Ball
1-0: Called Strike
1-1: Ball
2-1: Ball
3-1: Called Strike
3-2: Foul Ball, location: 2F
3-2: Foul Ball, location: 2F
3-2: 2-RUN HOME RUN (Line Drive, 9D), Distance : 403 ft
Batting: LHB José Martínez 0-0: Hit by Pitch
Batting: RHB Melvin Johnson 0-0: Ground out 6-3 (Groundball, 6)
Bottom of the 8th over - 2 run(s), 2 hit(s), 0 error(s), 1 left on base; Maris School 7 - Jeffersonville-Youngsville Central HS 10
TOP OF THE 9TH
Maris School batting - Pitching for Jeffersonville-Youngsville Central HS Trojans : RHP Michael Waller
Pitching: RHP Ryan Heath
Batting: LHB Gary White 0-0: Ball
1-0: Foul Ball, location: 2F
1-1: Swinging Strike
1-2: Strikes out swinging
Batting: RHB Joe Baker 0-0: Ball
1-0: SOLO HOME RUN (Flyball, 7D), Distance : 389 ft
Batting: RHB Jason Ward 0-0: Ball
1-0: Called Strike
1-1: Ball
2-1: Fly out, F4 (Popup, 3D)
Batting: RHB James Everhart 0-0: Called Strike
0-1: Swinging Strike
0-2: Ball
1-2: Ball
2-2: Strikes out looking
Top of the 9th over - 1 run(s), 1 hit(s), 0 error(s), 0 left on base; Maris School 8 - Jeffersonville-Youngsville Central HS 10
This league is powered by Out of the Park Baseball, the baseball management simulation game for PC, Mac and Linux
Wednesday, December 2nd, 2015 - OOTP Baseball 16.8 Build 38